 Dungeon Crawl Stone Soup version 0.31-a0-1603-gbec6b6ccbf (console) character file.

Game seed: 7548031203617199361

14781 Banquo the Fighter (level 12, -18/94 HPs)
             Began as a Djinni Air Elementalist on Jan 8, 2024.
             Was a High Priest of the Shining One.
             Demolished by a reaper
             ... wielding a -4 scythe of freezing
              (32 damage)
             ... in an ice cave on Jan 9, 2024.
             The game lasted 00:50:59 (14954 turns).

Banquo the Fighter (Djinni Air Elementalist)       Turns: 14954, Time: 00:51:00

Health: -18/94     AC:  2    Str:  7    XL:     12   Next: 49%
Gold:   770        EV: 15    Int: 22    God:    the Shining One [*****.] SH:  5 Dex: 14

rFire   + . .        K - +0 falchion {protect, rElec rC+ Will+ Stlth-}
rCold   + + .        (no shield)
rNeg    + + .        d - +0 robe {rC+}
rPois   ∞            (no helmet)
rElec   +            (no cloak)
rCorr   .            (no gloves)
SInv    .            (boots unavailable)
Will    ++...        g - amulet of reflection
Stlth   +            j - ring of ice
HPRegen 0.35/turn    W - ring of wizardry
MPRegen 0.00/turn

%: reflection, wizardry (x1), infuse magic (-19 HP)
@: swift, flying, glowing, quick
A: sickness immunity, fire resistance 2, cold vulnerability 1, float, innate
caster, HP casting, extra vitality 1
a: Renounce Religion, Divine Shield, Cleansing Flame, Summon Divine Warrior


You were in an ice cave.
You worshipped the Shining One.
The Shining One was extremely pleased with you.
You visited 2 branches of the dungeon, and saw 11 of its levels.
You also visited: Bailey and Ice Cave.

You collected 770 gold pieces.

Inventory:

Hand Weapons
 a - the +7 mace "Vyam" {spect, Will+ Int+2 Dex+4 SInv}
   (You found it on level 6 of the Dungeon)

   Int+2:     It affects your intelligence (+2).
   Dex+4:     It affects your dexterity (+4).
   Will+:     It increases your willpower.
   SInv:      It lets you see invisible.
 n - a +2 short sword
 v - the +3 spear of the Desolation of Salt {flame, Will+ Int+3}
   (You found it on level 4 of the Dungeon)

   Int+3:     It affects your intelligence (+3).
   Will+:     It increases your willpower.
 w - a +2 dagger of electrocution
 z - a +3 hand axe
 B - a +2 whip of flaming
 D - a +0 dagger of freezing
 I - a +2 dagger of electrocution
 J - a +3 spear
 K - the +0 falchion "Nianig Joto" (weapon) {protect, rElec rC+ Will+ Stlth-}
   (You found it on level 1 of the Lair of Beasts)

   rC+:       It protects you from cold.
   rElec:     It insulates you from electricity.
   Will+:     It increases your willpower.
   Stlth-:    It makes you less stealthy.
Missiles
 e - 5 throwing nets
 f - 114 stones
Armour
 d - a +0 robe of cold resistance (worn)
 F - a +1 robe of fire resistance
 N - a +0 tower shield of cold resistance
Magical Staves
 b - a staff of air
 s - a staff of cold
Jewellery
 g - an amulet of reflection (around neck)
 h - a +4 ring of protection
 j - a ring of ice (left hand)
 k - a ring of positive energy
 C - a +6 ring of dexterity
 W - a ring of wizardry (right hand)
Wands
 A - a wand of roots (8)
Scrolls
 c - 6 scrolls of teleportation {unknown}
 i - 2 scrolls of vulnerability {unknown}
 o - a scroll of identify
 p - 2 scrolls of amnesia {unknown}
 q - a scroll of torment {unknown}
 t - 4 scrolls of revelation {unknown}
 x - a scroll of silence {unknown}
 y - a scroll of fog {unknown}
 E - 2 scrolls of enchant armour {unknown}
 G - 2 scrolls of enchant weapon {unknown}
 H - 3 scrolls of blinking {unknown}
 L - 2 scrolls of fear {unknown}
 M - a scroll of poison {unknown}
Potions
 l - 4 potions of curing
 m - a potion of brilliance
 r - a potion of heal wounds
 u - a potion of might


   Skills:
 * Level 11.0 Fighting
 - Level 4.0 Armour
 * Level 6.6 Dodging
 - Level 1.5 Stealth
 - Level 4.0 Shields
 * Level 10.5 Spellcasting
 * Level 10.5 Conjurations
 * Level 10.5 Hexes
 * Level 10.5 Summonings
 * Level 10.5 Necromancy
 * Level 10.5 Translocations
 * Level 10.5 Fire Magic
 * Level 10.5 Ice Magic
 * Level 10.5 Air Magic
 * Level 10.5 Earth Magic
 * Level 10.5 Alchemy
 * Level 5.5 Invocations


You knew the following spells:

 Your Spells              Type           Power      Damage    Failure   Level
a - Shock                 Conj/Air       100%       1d9       1%          1
b - Volatile Blastmotes   Fire/Tloc      100%       2d18      1%          3
c - Swiftness             Air            55%        N/A       1%          3
d - Static Discharge      Conj/Air       100%       3-8/arc   1%          2
e - Metabolic Englaciati  Hex/Ice        36%        N/A       1%          5
f - Call Imp              Summ           100%       N/A       1%          2
g - Vampiric Draining     Necr           55%        2d9       1%          3
h - Magic Dart            Conj           100%       1d8       1%          1
z - Airstrike             Air            27%        2d(4-20)  1%          4
Your spell library was empty.

Dungeon Overview and Level Annotations

Branches:
Dungeon (9/15)             Temple (0/1) D:4            Lair (2/5) D:8
 Bailey (visited)           IceCv (1/1)
  Swamp: Lair:2-3    Shoals: Lair:2-3     Snake: Lair:2-3    Spider: Lair:2-3
    Orc: D:9-12

Altars:
Cheibriados
Gozag
Hepliaklqana
Nemelex Xobeh
Okawaru
Uskayaw
Xom
Yredelemnul
The Shining One

Shops:
D:8 :*


Innate Abilities, Weirdness & Mutations

You are immune to sickness and miasma.
You are immune to poison.
Your flesh is very heat resistant. (rF++)
You are vulnerable to cold. (rC-)
You float through the air rather than walking.
You learn spells naturally, not from books.
Your magical power is your life essence.
You have superior vitality. (+4 MHP)


Message History

Found a scroll labelled POOLUR MOKLIMN and 25 gold pieces.
A reaper comes into view. It is wielding a -4 scythe of freezing.
Unknown command.
Casting: Volatile Blastmotes (safe; 1% risk of failure)
Confirm with . or Enter, or press ? or * to list all spells.
A cloud of volatile blastmotes flares up around you!
Run!
Casting: Volatile Blastmotes (safe; 1% risk of failure)
Confirm with . or Enter, or press ? or * to list all spells.
A cloud of volatile blastmotes flares up around you!
Run!
The cloud of blastmotes explodes!
The concussive blast engulfs the reaper!
The reaper is lightly wounded.
The reaper attacks as it pursues you!
The reaper hits you from afar with a -4 scythe of freezing!!
The reaper drags you backwards! The reaper freezes you.
The cloud of blastmotes explodes!
The concussive blast engulfs the reaper!
The reaper is moderately wounded.
The concussive blast engulfs you! You resist.
You are knocked back by the blast.
Casting: Volatile Blastmotes (safe; 1% risk of failure)
Confirm with . or Enter, or press ? or * to list all spells.
A cloud of volatile blastmotes flares up around you!
Run!
The cloud of blastmotes explodes!
The concussive blast engulfs the reaper.
The reaper is moderately wounded.
Unknown command.
Casting: Volatile Blastmotes (safe; 1% risk of failure)
Confirm with . or Enter, or press ? or * to list all spells.
You feel quick.
The reaper hits you from afar with a -4 scythe of freezing.
The reaper drags you backwards!
The reaper hits you from afar with a -4 scythe of freezing.
The reaper drags you backwards! The reaper freezes you.
The reaper hits you from afar with a -4 scythe of freezing!!
* * * LOW HITPOINT WARNING * * *
The reaper drags you backwards! The reaper freezes you.
* * * LOW HITPOINT WARNING * * *
The reaper hits you from afar with a -4 scythe of freezing!!
You die...

#...#.#.#.#.#.#.##
#.###'#'#.#'#'#.8######
'.#.'.........#.......#
#####.8.8.8.8.#.#####.#
..............#.#$.)#.##
..............'.#?2.'.⌠#
..............#.# #.#
#####.8.8.8.8.#.#####.#
'.#.'.........#.@.2...#
#.###'#'#.#'#'#.8######
#...#.#.#.#.#.#.##
###.#####'#####.#
#.'.........'.#
###############


You could see a reaper.

Vanquished Creatures
  Pikel (D:5)
  An ice statue (IceCv)
  2 black mambas
  2 cane toads (Lair:1)
  A rime drake (Lair:1)
  A komodo dragon (Lair:1)
  A freezing wraith (IceCv)
  5 ice devils (IceCv)
  A queen bee (D:9)
  2 wyverns
  4 dire elephant simulacra (IceCv)
  8 yaks (Lair:1)
  A basilisk (Lair:1)
  A steam dragon (D:6)
  Grum (Bailey)
  A death yak simulacrum (IceCv)
  2 harpy simulacra (IceCv)
  6 water moccasins
  4 hydra simulacra (IceCv)
  A sky beast (D:8)
  3 black bears
  2 ice beasts
  2 orc warriors
  A centaur (D:9)
  5 ogres
  4 phantoms
  14 wolves
  A lemure (D:5)
  3 kobold brigands
  7 gnoll sergeants (Bailey)
  4 bullfrogs
  6 scorpions
  A cane toad simulacrum (IceCv)
  8 wights
  16 killer bees
  An elephant simulacrum (IceCv)
  A howler monkey (D:5)
  3 jellies
  3 hounds
  4 orc priests
  8 gnoll boudas (Bailey)
  A sleepcap (D:8)
  4 iguanas
  2 hell rats (Lair:2)
  13 orc wizards
  A troll simulacrum (IceCv)
  4 adders
  13 gnolls
  A naga simulacrum (IceCv)
  A shadow imp (D:6)
  13 white imps
  A dart slug (D:4)
  21 orcs
  8 ball pythons
  9 endoplasms
  3 giant cockroaches
  9 hobgoblins
  8 jackals
  27 kobolds
  3 quokkas
  7 bats
  9 goblins
  4 rats
305 creatures vanquished.

Vanquished Creatures (collateral kills)
  An ice statue (IceCv)
1 creature vanquished.

Grand Total: 306 creatures vanquished

Notes
Turn   | Place    | Note
-------+----------+-------------------------------------------
     0 | D:1      | Banquo the Djinni Air Elementalist began the quest for the
                  | Orb.
     0 | D:1      | Banquo set off with the following spells memorised: Shock,
                  | Static Discharge, Swiftness, Airstrike.
     0 | D:1      | Reached XP level 1. HP: 15/15 MP: 0/0
   134 | D:1      | Reached XP level 2. HP: 20/22 MP: 0/0
   142 | D:1      | Reached skill level 1 in Fighting
   266 | D:1      | Found a faded altar of an unknown god.
   286 | D:1      | Prayed at the altar of an unknown god.
   286 | D:1      | Became a worshipper of the Shining One
   286 | D:1      | Reached * piety under the Shining One
   380 | D:1      | Reached XP level 3. HP: 26/27 MP: 0/0
   380 | D:1      | Learned a level 1 spell: Magic Dart
   768 | D:2      | Reached skill level 2 in Fighting
   829 | D:2      | Reached XP level 4. HP: 31/33 MP: 0/0
   849 | D:2      | Noticed a scorpion
   860 | D:2      | Killed a scorpion
   861 | D:2      | Reached XP level 5. HP: 33/39 MP: 0/0
   861 | D:2      | Learned a level 2 spell: Call Imp
  1575 | D:3      | Reached skill level 3 in Fighting
  1681 | D:3      | Found a sparkling altar of Nemelex Xobeh.
  1824 | D:3      | Found an iron altar of Okawaru.
  2016 | D:3      | Reached XP level 6. HP: 45/46 MP: 0/0
  2609 | D:4      | Identified the +3 spear of the Desolation of Salt {flame,
                  | Will+ Int+3}
  2634 | D:4      | Found a basalt altar of Yredelemnul.
  2885 | D:4      | Found a staircase to the Ecumenical Temple.
  3264 | D:4      | Noticed an ogre
  3362 | D:4      | Found a shimmering altar of Xom.
  3478 | D:4      | Noticed an ogre
  3520 | D:4      | Killed an ogre
  3521 | D:4      | Reached skill level 4 in Fighting
  3521 | D:4      | Reached skill level 5 in Spellcasting
  3521 | D:4      | Reached skill level 5 in Conjurations
  3521 | D:4      | Reached skill level 5 in Hexes
  3521 | D:4      | Reached skill level 5 in Summonings
  3521 | D:4      | Reached skill level 5 in Necromancy
  3521 | D:4      | Reached skill level 5 in Translocations
  3521 | D:4      | Reached skill level 5 in Fire Magic
  3521 | D:4      | Reached skill level 5 in Ice Magic
  3521 | D:4      | Reached skill level 5 in Air Magic
  3521 | D:4      | Reached skill level 5 in Earth Magic
  3521 | D:4      | Reached skill level 5 in Alchemy
  3521 | D:4      | Reached XP level 7. HP: 39/52 MP: 0/0
  3521 | D:4      | Learned a level 3 spell: Vampiric Draining
  4132 | D:5      | Entered Level 5 of the Dungeon
  4261 | D:5      | Reached skill level 5 in Fighting
  4352 | D:5      | Reached ** piety under the Shining One
  4353 | D:5      | Reached XP level 8. HP: 51/59 MP: 0/0
  4455 | D:5      | Noticed Pikel
  4461 | D:5      | Killed Pikel
  4462 | D:5      | Reached skill level 6 in Fighting
  4758 | D:5      | Found an opulent altar of Gozag.
  4799 | D:5      | Found a hide-covered altar of Uskayaw.
  4803 | D:5      | Reached XP level 9. HP: 63/67 MP: 0/0
  4803 | D:5      | Learned a level 3 spell: Volatile Blastmotes
  5198 | D:5      | Reached skill level 7 in Fighting
  5458 | D:6      | Identified the +7 mace "Vyam" {spect, Will+ Int+2 Dex+4
                  | SInv}
  6288 | D:7      | Found a flagged portal.
  6306 | D:7      | Reached skill level 8 in Fighting
  6355 | Bailey   | Entered a bailey
  6750 | Bailey   | Reached XP level 10. HP: 73/77 MP: 0/0
  6759 | Bailey   | Identified the +4 scale mail of the Merchant {-Cast rPois
                  | Dex+8 SInv}
  6788 | Bailey   | Reached *** piety under the Shining One
  6843 | Bailey   | Noticed Grum
  6845 | Bailey   | Killed Grum
  6928 | Bailey   | Reached skill level 9 in Fighting
  8477 | D:7      | Reached skill level 1 in Armour
  8477 | D:7      | Reached skill level 1 in Shields
  8477 | D:7      | Reached skill level 1 in Invocations
  8743 | D:8      | Found Hatobb's Fire Supplies.
  8781 | D:8      | Found a staircase to the Lair.
  8781 | D:8      | Found a snail-covered altar of Cheibriados.
  9083 | D:8      | Reached **** piety under the Shining One
  9248 | D:8      | Found Janedod's Tiny Tomes.
  9436 | D:8      | Found a hazy altar of Hepliaklqana.
  9695 | D:8      | Reached XP level 11. HP: 29/85 MP: 0/0
  9695 | D:8      | Learned a level 5 spell: Metabolic Englaciation
 10535 | Lair:1   | Entered Level 1 of the Lair of Beasts
 10847 | Lair:1   | Reached skill level 10 in Fighting
 11140 | Lair:1   | Identified the +0 falchion "Nianig Joto" {protect, rElec
                  | rC+ Will+ Stlth-}
 11459 | Lair:1   | Reached skill level 5 in Dodging
 11459 | Lair:1   | Reached skill level 10 in Spellcasting
 11459 | Lair:1   | Reached skill level 10 in Conjurations
 11459 | Lair:1   | Reached skill level 10 in Hexes
 11459 | Lair:1   | Reached skill level 10 in Summonings
 11459 | Lair:1   | Reached skill level 10 in Necromancy
 11459 | Lair:1   | Reached skill level 10 in Translocations
 11459 | Lair:1   | Reached skill level 10 in Fire Magic
 11459 | Lair:1   | Reached skill level 10 in Ice Magic
 11459 | Lair:1   | Reached skill level 10 in Air Magic
 11459 | Lair:1   | Reached skill level 10 in Earth Magic
 11459 | Lair:1   | Reached skill level 10 in Alchemy
 12190 | Lair:2   | Reached XP level 12. HP: 51/92 MP: 0/0
 12317 | Lair:2   | Reached ***** piety under the Shining One
 12470 | Lair:2   | Found a frozen archway.
 12489 | IceCv    | Entered an ice cave
 14253 | IceCv    | Reached skill level 5 in Invocations
 14789 | IceCv    | Reached skill level 11 in Fighting
 14941 | IceCv    | Noticed a reaper
 14954 | IceCv    | Demolished by a reaper

Illustrated notes

Levels and vault maps discovered:
D:1:      dpeg_arrival_rooms_a, layout_basic,
          hellmonk_ecumenical_altar_dog_temple
D:2:      layout_rooms, guppyfry_early_lair_pool
D:3:      layout_basic, mainiacjoe_overflow_cross_hatched,
          okawaru_metal_pillars_3, serial_forest, infiniplex_forest_3_way,
          infiniplex_forest_zigzag_2, infiniplex_forest_clump_long,
          infiniplex_forest_zigzag_2, infiniplex_forest_straight_4,
          infiniplex_forest_straight_2
D:4:      minmay_clustersquares, layout_loops_corners,
          mainiacjoe_overflow_alcove_2, overflow_temple_1_default,
          minmay_temple_entry_statues
D:5:      layout_basic, mainiacjoe_overflow_surrounded_room,
          mainiacjoe_overflow_six_doors_small, minmay_misc_feat_pillars,
          uniq_pikel
D:6:      layout_basic
D:7:      layout_rooms, enter_bailey_5, mrwooster_statue_mirror
D:8:      layout_basic, tgw_sif, lemuel_tele_altar, general_overflow_altar,
          mainiacjoe_overflow_alcove_4, nicolae_shop_fire_sale
          [nicolae_sub_dead_trees], nicolae_shop_i_like_small_books_too,
          minmay_between
D:9:      layout_roguey [special_room_bee], fedhas_bush_and_centaur_altar,
          nicolae_ru_great_annihilating_truth, lightli_temple_of_fire,
          lemuel_doored_altar, orc_0_dummy, serial_curves, eino_curves_04,
          eino_curves_02
Lair:1:   layout_chaotic_city, chequers_serial_rivers_large_a,
          lemuel_fruit_tree, infiniplex_staircase_pool_2
Lair:2:   layout_cave_pods, elwin_shoals_entry_rooms,
          portal_ice_cave_entry_imps, chequers_serial_rivers_room_a,
          chequers_serial_rivers_room_a
IceCv:    ice_cave_tombish

Skill      XL: |  1  2  3  4  5  6  7  8  9 10 11 12 |
---------------+-------------------------------------+-----
Fighting       | 1 2 3 4 5 6 8 9 10 11 | 11.0
Spellcasting   | 4 5 6 8 9 10 | 10.5
Conjurations   | 4 5 6 8 9 10 | 10.5
Hexes          | 4 5 6 8 9 10 | 10.5
Summonings     | 4 5 6 8 9 10 | 10.5
Necromancy     | 4 5 6 8 9 10 | 10.5
Translocations | 4 5 6 8 9 10 | 10.5
Fire Magic     | 4 5 6 8 9 10 | 10.5
Ice Magic      | 4 5 6 8 9 10 | 10.5
Air Magic      | 4 5 6 8 9 10 | 10.5
Earth Magic    | 4 5 6 8 9 10 | 10.5
Alchemy        | 4 5 6 8 9 10 | 10.5
Armour         | 2 4 |  4.0
Shields        | 2 4 |  4.0
Invocations    | 2 4 5 |  5.5
Dodging        | 3 5 6 |  6.6
Stealth        | |  1.5

Action                     |  1- 3 |  4- 6 |  7- 9 | 10-12 || total
---------------------------+-------+-------+-------+-------++-------
   Cast: Shock             |    66 |    92 |    94 |     7 ||   259
         Airstrike         |       |     3 |    59 |   306 ||   368
         Static Discharge  |       |       |     3 |    16 ||    19
         Volatile Blastmot |       |       |     4 |    50 ||    54
         Metabolic Englaci |       |       |       |     3 ||     3
         Swiftness         |       |       |       |     1 ||     1
 Invoke: Summon Divine War |       |       |       |     1 ||     1
  Evoke: Wand              |       |       |       |     1 ||     1
    Use: Scroll            |       |       |     7 |     2 ||     9
 Armour: Robe              |     2 |    10 |    20 |   129 ||   161
  Dodge: Dodged            |     3 |     6 |    15 |    72 ||    96
  Block: Other             |     4 |     4 |     8 |    21 ||    37
         Reflection        |       |       |     3 |     2 ||     5

Table legend: (Time is in decaauts)
 A = Elapsed time spent in this place.
 B = Non-inter-level travel time spent in this place.
 C = Inter-level travel time spent in this place.
 D = Time resting spent in this place.
 E = Time spent auto-exploring this place.
 F = Levels seen in this place.
 G = Mean time per level.
                   A        B        C        D        E       F      G
               +--------+--------+--------+--------+--------+-----+--------+
         Total |  14952 |  14082 |    870 |   4831 |   6752 |  13 | 1150.2 |
       Dungeon |   9249 |   8408 |    841 |   1470 |   5665 |   9 | 1027.7 |
          Lair |   1953 |   1924 |     29 |    709 |    919 |   2 |  976.5 |
        Bailey |   1284 |   1284 |      0 |    731 |    168 |   1 | 1284.0 |
      Ice Cave |   2464 |   2464 |      0 |   1921 |      0 |   1 | 2464.0 |
               +--------+--------+--------+--------+--------+-----+--------+

Top non-repeatable levels by time:
   IceCv: 2464 daAuts
  Lair:1: 1592 daAuts
     D:4: 1520 daAuts
     D:8: 1476 daAuts
  Bailey: 1284 daAuts
     D:5: 1203 daAuts
     D:3: 1164 daAuts
     D:7: 1054 daAuts
     D:6: 947 daAuts
     D:2: 807 daAuts
     D:1: 726 daAuts
  Lair:2: 360 daAuts
     D:9: 349 daAuts
